 Dungeon Sprint DCSS version 0.17-a0-1636-g3119f2b (webtiles) character file.

6395 Kidiri the Blocker (level 10, 0/56 HPs)
             Began as a Gargoyle Fighter on Aug 6, 2015.
             Was an Elder of Okawaru.
             Slain by Maud
             ... wielding a +0 long sword of distortion
              (9 damage)
             ... in the Dungeon (Sprint III: "The Ten Rune Challenge").
             The game lasted 00:11:55 (3763 turns).

Kidiri the Blocker (Gargoyle Fighter)               Turns: 3763, Time: 00:11:55

Health: 0/56       AC: 19    Str: 24    XL:     10   Next: 98%
Magic:  12/12      EV: 15    Int:  9    God:    Okawaru [****..]
Gold:   47         SH: 16    Dex: 10    Spells: 0 memorised, 9 levels left

rFire  + . .     SeeInvis .     a - +0 flail
rCold  . . .     Clarity  .     b - +0 scale mail
rNeg   + . .     SustAt   .     c - +0 shield
rPois  ∞         Gourm    .     (no helmet)
rElec  +         Spirit   .     (no cloak)
rCorr  .         Warding  .     (no gloves)
rMut   .         NoTele   +     (no boots)
MR     .....                    (no amulet)
Stlth  +.........               (no ring)
                                (no ring)

@: exhausted, heroism, slowed, very slow, not resistant to hostile enchantments,
very unstealthy
A: icy blue scales 1, fire resistance 1, low mp 2, negative energy resistance 1,
electricity resistance, strong 1, unbreathing, petrification resistance, rot
immunity, MP-powered wands, AC +7
a: Heroism, Renounce Religion


You were in the Dungeon.
You worshipped Okawaru.
Okawaru was greatly pleased with you.
You were very hungry.

You visited 1 branch You collected 47 gold pieces.

Inventory:

Hand weapons
 a - a +0 flail (weapon)
Missiles
 d - 6 throwing nets (quivered)
Armour
 b - a +0 scale mail (worn)
 c - a +0 shield (worn)
Scrolls
 m - 2 scrolls of torment
 o - a scroll of remove curse
 s - 2 scrolls of immolation {unknown}
Potions
 i - 2 potions of magic
 q - a potion of invisibility {unknown}
 r - 2 potions of flight


   Skills:
 - Level 3.2(8.2) Fighting
 * Level 13.2(18.2) Maces & Flails
 * Level 14.4(19.4) Armour
 + Level 7.9(12.9) Dodging
 * Level 14.5(19.5) Shields
 + Level 7.5 Invocations


You had 9 spell levels left.
You didn't know any spells.

Dungeon Overview and Level Annotations

Branches:
Dungeon (1/1)

Altars:
Cheibriados
Dithmenos
Elyvilon
Fedhas
Gozag
Kikubaaqudgha
Makhleb
Nemelex Xobeh
Okawaru
Qazlal
Ru
Sif Muna
Trog
Vehumet
Xom
Yredelemnul
Zin
The Shining One
Jiyva
Lugonu

Annotations:
D Maud


Innate Abilities, Weirdness & Mutations

You are resistant to torment.
Your stone body is resilient (AC +7).
You are immune to poison.
You resist negative energy.
You are resistant to electric shocks.
You can survive without breathing.
You are immune to petrification.
You are immune to rotting.
You are partially covered in icy blue scales (AC +1).
Your flesh is heat resistant.
Your magical capacity is very low (-20% MP).
Your muscles are strong. (Str +2)
You expend magic power (3 MP) to strengthen your wands.


Message History

Maud is severely wounded.
Your unstable footing causes you to fumble your attack.
Maud struggles against the net.
The net rips apart, and Maud comes free!
Your unstable footing causes you to fumble your attack.
You are no longer berserk.
You are exhausted.
You feel yourself slow down.
You are feeling very hungry.
Your unstable footing causes you to fumble your attack.
You block Maud's attack.
Your unstable footing causes you to fumble your attack.
Your unstable footing causes you to fumble your attack.
Maud barely misses you.
You bludgeon Maud!!
Maud is almost dead.
Maud hits you with a long sword of distortion!
* * * LOW HITPOINT WARNING * * *
Space warps horribly around you!
You die...

......# #####'#
__#...#+#####################
v_#...#....#.#.#.....#......+
__#...##.#..#.##.###.#......#
__#...'##.#.#.##)#.)##......#
_.+...#.).#..#..##..'.......#
▓▓▓▓▓▓▓▓▓▓▓▓▓▓▓▓▓▓▓▓#.......#
♣♣♣≈≈≈........≈@@...#.......#
♣♣'♣≈≈≈≈≈≈≈≈≈≈≈≈♣♣..'.......#
.≈♣♣♣♣♣♣♣♣♣♣♣♣♣♣♣♣..#.......#
.@♣♣ ♣♣♣##+###### ##+♣♣♣♣♣
♣♣.##..## %.##.##.# .##.##.##
@.#%##...#


You could see Maud.

Vanquished Creatures
  Erolcha (D)
  A lindwurm (D)
  2 spiny frogs (D)
  A komodo dragon (D)
  3 wandering mushrooms (D)
  A fire drake (D)
  A deep elf priest (D)
  5 blink frogs (D)
  2 trapdoor spiders (D)
  A shadow (D)
  4 redbacks (D)
  2 hill giants (D)
  A swamp drake (D)
  A necrophage (D)
  2 brain worms (D)
  3 two-headed ogres (D)
  A water elemental (D)
  A scorpion (D)
  A jelly (D)
  A wizard (D)
  A necromancer (D)
  3 humans (D)
  A kobold demonologist (D)
  2 oozes (D)
  2 rats (D)
44 creatures vanquished.

Vanquished Creatures (others)
  2 draconian scorchers (D)
  2 yaktaurs (D)
  2 fire drakes (D)
  5 plants (D)
11 creatures vanquished.

Grand Total: 55 creatures vanquished

Notes
Turn   | Place    | Note
--------------------------------------------------------------
     0 | D        | Kidiri the Gargoyle Fighter began the quest for the Orb.
     0 | D        | Reached XP level 1. HP: 14/14 MP: 1/1
     9 | D        | Reached skill level 4 in Armour
     9 | D        | Reached XP level 2. HP: 19/19 MP: 2/2
    60 | D        | Reached skill level 1 in Dodging
    60 | D        | Reached XP level 3. HP: 7/23 MP: 3/3
   146 | D        | Killed a fire drake
   149 | D        | Killed a white draconian scorcher
   150 | D        | Killed a white draconian scorcher
   184 | D        | Killed a yaktaur
   288 | D        | Noticed a scorpion
   300 | D        | Killed a scorpion
   300 | D        | Reached skill level 5 in Armour
   300 | D        | Reached skill level 5 in Shields
   300 | D        | Reached XP level 4. HP: 28/28 MP: 4/4
   319 | D        | Gained mutation: You are dopey. (Int -2) [potion of mutation]
   319 | D        | Gained mutation: You expend magic power (3 MP) to strengthen your wands. [potion of mutation]
   319 | D        | Gained mutation: Your flesh is heat resistant. [potion of mutation]
   320 | D        | Gained mutation: You are partially covered in icy blue scales (AC +1). [potion of mutation]
   320 | D        | Gained mutation: Your magical capacity is low (-10% MP). [potion of mutation]
   321 | D        | Gained mutation: Your muscles are strong. (Str +2) [potion of mutation]
   321 | D        | Gained mutation: Your magical capacity is very low (-20% MP). [potion of mutation]
   321 | D        | Lost mutation: You are dopey. (Int -2) [potion of mutation]
   338 | D        | Noticed a water elemental
   359 | D        | Killed a water elemental
   359 | D        | Reached skill level 5 in Maces & Flails
   359 | D        | Reached skill level 6 in Armour
   359 | D        | Reached XP level 5. HP: 29/32 MP: 4/4
   386 | D        | Found an iron altar of Okawaru.
   386 | D        | Found a bloodstained altar of Trog.
   386 | D        | Noticed a human
   387 | D        | Noticed a human
   399 | D        | Killed a human
   399 | D        | Reached skill level 8 in Armour
   399 | D        | Reached XP level 6. HP: 23/37 MP: 4/4
   410 | D        | HP: 1/37 [human/club (9)]
   422 | D        | Killed a human
   422 | D        | Reached skill level 9 in Shields
   431 | D        | Became a worshipper of Warmaster Okawaru
   482 | D        | Killed a fire drake
   567 | D        | Found a glowing silver altar of Zin.
   568 | D        | Found a glowing golden altar of the Shining One.
   568 | D        | Found a white marble altar of Elyvilon.
   568 | D        | Noticed a deep elf priest
   576 | D        | Killed a deep elf priest
   576 | D        | Reached XP level 7. HP: 27/41 MP: 5/5
   690 | D        | Found a basalt altar of Yredelemnul.
   690 | D        | Found a snail-covered altar of Cheibriados.
   690 | D        | Found a blossoming altar of Fedhas.
   690 | D        | Noticed a necrophage
   690 | D        | Noticed a necromancer
   699 | D        | Killed a necrophage
   699 | D        | Reached skill level 10 in Armour
   699 | D        | Reached skill level 5 in Dodging
   699 | D        | Reached skill level 10 in Shields
   705 | D        | Killed a necromancer
   726 | D        | Found a radiant altar of Vehumet.
   726 | D        | Found a deep blue altar of Sif Muna.
   726 | D        | Found an ancient bone altar of Kikubaaqudgha.
   726 | D        | Noticed a wizard
   730 | D        | Killed a wizard
   730 | D        | Acquired Okawaru's first power
   735 | D        | Noticed a rust devil
   759 | D        | Noticed a jelly
   760 | D        | Noticed a shadow
   771 | D        | Killed a jelly
   784 | D        | Killed a shadow
   784 | D        | Reached XP level 8. HP: 19/46 MP: 6/6
   993 | D        | Found a stormy altar of Qazlal.
   993 | D        | Found a sacrificial altar of Ru.
   993 | D        | Found a burning altar of Makhleb.
   993 | D        | Found a shimmering altar of Xom.
   994 | D        | Noticed a spatial vortex
   994 | D        | Found a viscous altar of Jiyva.
   994 | D        | Found a shadowy altar of Dithmenos.
   994 | D        | Found a sparkling altar of Nemelex Xobeh.
   994 | D        | Found a corrupted altar of Lugonu.
   994 | D        | Found an opulent altar of Gozag.
  1259 | D        | Noticed a two-headed ogre
  1259 | D        | Noticed a two-headed ogre
  1261 | D        | Noticed a two-headed ogre
  1267 | D        | Killed a two-headed ogre
  1272 | D        | Killed a two-headed ogre
  1276 | D        | Killed a two-headed ogre
  1276 | D        | Reached skill level 1 in Invocations
  1405 | D        | Killed a yaktaur
  1524 | D        | Noticed a hill giant
  1532 | D        | Killed a hill giant
  1532 | D        | Reached skill level 10 in Maces & Flails
  1532 | D        | Reached skill level 11 in Armour
  1538 | D        | Noticed a hill giant
  1538 | D        | Noticed Erolcha
  1545 | D        | Killed Erolcha
  1545 | D        | Reached XP level 9. HP: 48/51 MP: 6/9
  1557 | D        | Killed a hill giant
  1557 | D        | Reached skill level 12 in Armour
  1558 | D        | Noticed a redback
  1575 | D        | Noticed a trapdoor spider
  1586 | D        | Killed a redback
  1594 | D        | Killed a trapdoor spider
  1943 | D        | Noticed a trapdoor spider
  1958 | D        | Killed a trapdoor spider
  2036 | D        | Noticed a wandering mushroom
  2040 | D        | Noticed a wandering mushroom
  2042 | D        | Noticed a wandering mushroom
  2072 | D        | Killed a wandering mushroom
  2072 | D        | Reached skill level 5 in Invocations
  2225 | D        | Killed a wandering mushroom
  2235 | D        | Killed a wandering mushroom
  2235 | D        | Reached skill level 13 in Shields
  2284 | D        | Noticed a spiny frog
  2284 | D        | Noticed a komodo dragon
  2284 | D        | Noticed a spiny frog
  2331 | D        | Killed a spiny frog
  2331 | D        | Reached XP level 10. HP: 10/56 MP: 11/11
  2760 | D        | Killed a spiny frog
  2771 | D        | Killed a komodo dragon
  2796 | D        | Noticed a swamp drake
  2796 | D        | Noticed a fire drake
  2814 | D        | Killed a swamp drake
  2822 | D        | Killed a fire drake
  2829 | D        | Noticed a blink frog
  2829 | D        | Noticed a blink frog
  2829 | D        | Noticed a blink frog
  2830 | D        | Noticed a blink frog
  2831 | D        | Noticed a blink frog
  2851 | D        | Killed a blink frog
  2892 | D        | Killed a blink frog
  3168 | D        | Killed a blink frog
  3334 | D        | Killed a blink frog
  3334 | D        | Reached skill level 14 in Shields
  3353 | D        | Killed a blink frog
  3567 | D        | Noticed a redback
  3570 | D        | Killed a redback
  3573 | D        | Noticed a brain worm
  3581 | D        | Killed a brain worm
  3586 | D        | Noticed a brain worm
  3591 | D        | Killed a brain worm
  3597 | D        | Noticed a lindwurm
  3598 | D        | Noticed a redback
  3608 | D        | Killed a lindwurm
  3617 | D        | Killed a redback
  3619 | D        | Noticed a redback
  3623 | D        | Killed a redback
  3685 | D        | Noticed Maud
  3763 | D        | Slain by Maud

Vault maps used:
D:        dungeon_sprint_mu

Action                   |  1- 3 |  4- 6 |  7- 9 | 10-12 || total
-------------------------+-------+-------+-------+-------++-------
Melee: Flail             |    31 |    46 |   197 |   192 ||   466
Throw: Throwing net      |       |       |       |     4 ||     4
Invok: Heroism           |       |       |     5 |     7 ||    12
  Use: Potion            |       |     5 |     3 |     2 ||    10
       Scroll            |       |     3 |       |     1 ||     4
 Stab: Confused          |       |       |       |     1 ||     1
       Held in net/web   |       |       |       |     1 ||     1
  Eat: Bread ration      |       |       |     1 |       ||     1
       Royal jelly       |       |       |     1 |     2 ||     3
